[ PARTIDA AOE2 · #478769628 ]
Team RMMongoles vs Lithuanians
[ ANÁLISIS DE REPETICIÓN · EXTRAÍDO DE LA PARTIDA GRABADA ]
Feudal
17:19
Castillos
22:34
Imperial
47:39
| APM promedio | 35.0 |
| APM pico | 91 |
| eAPM promedio | 17.5 |
| Aldeanos / militares | 105 / 389 |
Foco
⚔️ 55.4% · 🌾 44.6%
Mangudai ×178 · Scout Cavalry ×173 · Battering Ram ×34 · Archer ×4
Feudal
15:31
Castillos
26:16
Imperial
—
| APM promedio | 11.3 |
| APM pico | 80 |
| eAPM promedio | 5.7 |
| Aldeanos / militares | 72 / 39 |
Foco
⚔️ 27.2% · 🌾 72.8%
Archer ×9 · Knight ×8 · Spearman ×6 · Cavalry Archer ×6 · Keshik ×5 · Scorpion ×2
Feudal
—
Castillos
—
Imperial
—
| APM promedio | 14.3 |
| APM pico | 54 |
| eAPM promedio | 10.3 |
| Aldeanos / militares | 108 / 148 |
Foco
⚔️ 41.0% · 🌾 59.0%
Skirmisher ×59 · Leitis ×38 · Knight ×19 · Spearman ×18 · Trebuchet (Packed) ×11 · Mangonel ×2
Feudal
13:40
Castillos
32:14
Imperial
51:24
| APM promedio | 42.1 |
| APM pico | 90 |
| eAPM promedio | 26.5 |
| Aldeanos / militares | 214 / 652 |
Foco
⚔️ 50.0% · 🌾 50.0%
Skirmisher ×283 · Scout Cavalry ×117 · Spearman ×87 · Knight ×41 · Mangonel ×40 · Militia ×35
Mapa de la partida
Recursos iniciales + cada clic de construcción. Líneas = muros · curvas = relieve. ◆ oro · ⬟ piedra · ● bayas · ✦ reliquia · ◌ hueco del cierre
Tu base· Abierta — flanco sin cerrar
Base de Salurkazan· Abierta — flanco sin cerrar
Base de NightPlane492· Abierta — flanco sin cerrar
Base de epic shit· Abierta — flanco sin cerrar
Terreno inicial suavizado · ◌ = hueco del cierre detectado · pasá el cursor para detalles
Inputs por minuto
— DreGweKer - - Salurkazan
Build order — DreGweKer
Primeras 150 de 640 acciones detectadas
| 1:33 | Construir | Town Center |
| 3:11 | Construir | House |
| 3:14 | Construir | House |
| 3:37 | Crear | Villager (Male) |
| 3:38 | Investigar | Loom |
| 3:39 | Crear | Villager (Male) |
| 3:39 | Crear | Villager (Male) |
| 3:39 | Crear | Villager (Male) |
| 3:40 | Crear | Villager (Male) |
| 5:22 | Crear | Villager (Male) |
| 5:53 | Crear | Villager (Male) |
| 6:29 | Crear | Villager (Male) |
| 6:30 | Crear | Villager (Male) |
| 7:32 | Crear | Villager (Male) |
| 7:32 | Crear | Villager (Male) |
| 7:44 | Construir | Mill |
| 7:53 | Crear | Villager (Male) |
| 7:53 | Crear | Villager (Male) |
| 8:30 | Construir | House |
| 8:33 | Construir | House |
| 8:52 | Crear | Villager (Male) |
| 8:53 | Crear | Villager (Male) |
| 9:40 | Construir | Mill |
| 9:48 | Crear | Villager (Male) |
| 9:48 | Crear | Villager (Male) |
| 9:49 | Crear | Villager (Male) |
| 9:50 | Crear | Villager (Male) |
| 9:51 | Crear | Villager (Male) |
| 9:52 | Crear | Villager (Male) |
| 9:52 | Crear | Villager (Male) |
| 11:06 | Construir | Mill |
| 11:21 | Crear | Villager (Male) |
| 11:22 | Crear | Villager (Male) |
| 12:52 | Construir | House |
| 12:54 | Construir | House |
| 13:32 | Crear | Villager (Male) |
| 13:33 | Crear | Villager (Male) |
| 13:35 | Crear | Villager (Male) |
| 13:43 | Construir | House |
| 13:44 | Construir | House |
| 14:21 | Construir | Lumber Camp |
| 14:59 | Construir | Barracks |
| 15:03 | Investigar | Feudal Age |
| 15:03 | Investigar | Feudal Age |
| 15:24 | Construir | Mill |
| 17:19 | Edad | Edad Feudal |
| 17:22 | Construir | Archery Range |
| 17:24 | Investigar | Wheelbarrow |
| 17:25 | Investigar | Town Watch |
| 17:29 | Investigar | Double-Bit Axe |
| 17:30 | Investigar | Double-Bit Axe |
| 17:33 | Crear | Villager (Male) |
| 17:34 | Crear | Villager (Male) |
| 17:59 | Construir | Mill |
| 18:37 | Construir | Blacksmith |
| 18:43 | Crear | Archer |
| 18:43 | Crear | Archer |
| 18:44 | Crear | Archer |
| 18:45 | Crear | Archer |
| 19:09 | Crear | Villager (Male) |
| 19:09 | Crear | Villager (Male) |
| 19:46 | Investigar | Castle Age |
| 20:25 | Construir | Mill |
| 22:34 | Edad | Edad de los Castillos |
| 22:35 | Investigar | Hand Cart |
| 22:46 | Construir | Town Center |
| 23:02 | Construir | Town Center |
| 23:07 | Crear | Villager (Male) |
| 23:08 | Crear | Villager (Male) |
| 23:08 | Crear | Villager (Male) |
| 23:09 | Crear | Villager (Male) |
| 23:14 | Investigar | Bow Saw |
| 23:27 | Investigar | Fletching |
| 24:31 | Construir | Mill |
| 25:19 | Crear | Villager (Male) |
| 25:20 | Crear | Villager (Male) |
| 25:20 | Crear | Villager (Male) |
| 25:21 | Crear | Villager (Male) |
| 25:23 | Crear | Villager (Male) |
| 26:10 | Crear | Villager (Male) |
| 26:12 | Crear | Villager (Male) |
| 26:43 | Crear | Villager (Male) |
| 26:43 | Crear | Villager (Male) |
| 26:44 | Crear | Villager (Male) |
| 26:44 | Crear | Villager (Male) |
| 27:18 | Crear | Villager (Male) |
| 27:31 | Construir | Town Center |
| 27:39 | Crear | Villager (Male) |
| 27:40 | Crear | Villager (Male) |
| 27:41 | Crear | Villager (Male) |
| 28:19 | Construir | Castle |
| 28:39 | Investigar | Bodkin Arrow |
| 28:40 | Investigar | Padded Archer Armor |
| 28:54 | Construir | Siege Workshop |
| 29:06 | Crear | Villager (Male) |
| 29:07 | Crear | Villager (Male) |
| 29:09 | Crear | Villager (Male) |
| 29:14 | Crear | Villager (Male) |
| 29:15 | Crear | Villager (Male) |
| 29:15 | Crear | Villager (Male) |
| 29:17 | Crear | Villager (Male) |
| 29:28 | Crear | Battering Ram |
| 29:28 | Crear | Battering Ram |
| 29:36 | Crear | Mangudai |
| 29:36 | Crear | Mangudai |
| 29:37 | Crear | Mangudai |
| 29:38 | Crear | Mangudai |
| 29:38 | Crear | Mangudai |
| 29:38 | Crear | Mangudai |
| 29:39 | Crear | Mangudai |
| 29:39 | Crear | Mangudai |
| 30:00 | Crear | Villager (Male) |
| 30:13 | Construir | Town Center |
| 30:59 | Crear | Battering Ram |
| 31:00 | Crear | Battering Ram |
| 31:02 | Crear | Villager (Male) |
| 31:04 | Crear | Villager (Male) |
| 31:07 | Crear | Villager (Male) |
| 31:08 | Crear | Villager (Male) |
| 31:20 | Crear | Mangudai |
| 31:21 | Crear | Mangudai |
| 31:22 | Crear | Mangudai |
| 31:24 | Crear | Villager (Male) |
| 31:26 | Crear | Villager (Male) |
| 32:02 | Crear | Battering Ram |
| 32:32 | Crear | Villager (Male) |
| 32:32 | Crear | Villager (Male) |
| 32:32 | Crear | Villager (Male) |
| 32:52 | Crear | Battering Ram |
| 32:53 | Crear | Battering Ram |
| 32:56 | Crear | Villager (Male) |
| 32:56 | Crear | Villager (Male) |
| 32:57 | Crear | Villager (Male) |
| 33:36 | Construir | Farm |
| 33:37 | Construir | Farm |
| 33:38 | Construir | Farm |
| 33:40 | Crear | Villager (Male) |
| 33:42 | Crear | Villager (Male) |
| 33:45 | Construir | House |
| 33:46 | Construir | House |
| 33:47 | Construir | House |
| 33:54 | Construir | House |
| 33:55 | Construir | House |
| 33:56 | Construir | House |
| 34:07 | Crear | Battering Ram |
| 34:10 | Crear | Battering Ram |
| 34:41 | Crear | Villager (Male) |
| 34:42 | Crear | Villager (Male) |
| 34:42 | Crear | Villager (Male) |
| 34:47 | Crear | Villager (Male) |
Build order — Salurkazan
Primeras 150 de 164 acciones detectadas
| 0:58 | Construir | Town Center |
| 2:44 | Crear | Villager (Male) |
| 2:45 | Crear | Villager (Male) |
| 2:45 | Crear | Villager (Male) |
| 2:45 | Crear | Villager (Male) |
| 2:58 | Investigar | Loom |
| 3:15 | Construir | House |
| 3:44 | Crear | Villager (Male) |
| 3:44 | Crear | Villager (Male) |
| 3:44 | Crear | Villager (Male) |
| 3:45 | Crear | Villager (Male) |
| 3:50 | Construir | House |
| 4:17 | Crear | Villager (Male) |
| 4:18 | Crear | Villager (Male) |
| 5:04 | Construir | Lumber Camp |
| 5:12 | Crear | Villager (Male) |
| 5:12 | Crear | Villager (Male) |
| 5:33 | Crear | Villager (Male) |
| 5:34 | Crear | Villager (Male) |
| 6:29 | Crear | Villager (Male) |
| 6:38 | Crear | Villager (Male) |
| 6:39 | Crear | Villager (Male) |
| 6:39 | Crear | Villager (Male) |
| 7:05 | Crear | Villager (Male) |
| 7:06 | Crear | Villager (Male) |
| 7:29 | Crear | Villager (Male) |
| 7:29 | Crear | Villager (Male) |
| 8:19 | Construir | House |
| 8:22 | Construir | House |
| 9:12 | Crear | Villager (Male) |
| 9:13 | Crear | Villager (Male) |
| 9:13 | Crear | Villager (Male) |
| 10:01 | Construir | Mining Camp |
| 10:09 | Crear | Villager (Male) |
| 10:10 | Crear | Villager (Male) |
| 11:14 | Crear | Villager (Male) |
| 11:17 | Crear | Villager (Male) |
| 11:27 | Construir | House |
| 13:21 | Investigar | Feudal Age |
| 13:48 | Construir | Barracks |
| 15:31 | Edad | Edad Feudal |
| 15:35 | Investigar | Town Watch |
| 15:41 | Construir | Archery Range |
| 15:42 | Construir | Archery Range |
| 15:50 | Construir | Blacksmith |
| 15:51 | Crear | Villager (Male) |
| 15:52 | Crear | Villager (Male) |
| 15:52 | Crear | Villager (Male) |
| 16:05 | Crear | Archer |
| 16:06 | Crear | Archer |
| 16:06 | Crear | Archer |
| 16:24 | Crear | Archer |
| 16:24 | Crear | Archer |
| 16:25 | Crear | Archer |
| 16:41 | Crear | Archer |
| 17:10 | Investigar | Fletching |
| 17:16 | Construir | Mining Camp |
| 17:20 | Construir | House |
| 17:43 | Crear | Villager (Male) |
| 17:44 | Crear | Villager (Male) |
| 17:44 | Crear | Villager (Male) |
| 18:00 | Crear | Archer |
| 18:00 | Crear | Archer |
| 18:21 | Construir | House |
| 18:51 | Crear | Villager (Male) |
| 18:52 | Crear | Villager (Male) |
| 18:52 | Crear | Villager (Male) |
| 19:17 | Construir | House |
| 20:05 | Construir | Mill |
| 20:28 | Construir | Stable |
| 21:35 | Construir | Farm |
| 22:21 | Investigar | Wheelbarrow |
| 22:37 | Investigar | Castle Age |
| 22:46 | Construir | Mill |
| 22:51 | Construir | Lumber Camp |
| 23:29 | Crear | Spearman |
| 23:29 | Crear | Spearman |
| 24:30 | Construir | Watch Tower |
| 25:23 | Construir | Archery Range |
| 26:09 | Construir | Mill |
| 26:16 | Edad | Edad de los Castillos |
| 26:20 | Crear | Cavalry Archer |
| 26:20 | Crear | Cavalry Archer |
| 26:20 | Crear | Cavalry Archer |
| 26:21 | Crear | Cavalry Archer |
| 26:55 | Construir | Mining Camp |
| 27:04 | Crear | Cavalry Archer |
| 27:06 | Investigar | Bloodlines |
| 27:42 | Construir | Siege Workshop |
| 27:48 | Investigar | Husbandry |
| 27:51 | Crear | Villager (Male) |
| 27:51 | Crear | Villager (Male) |
| 27:51 | Crear | Villager (Male) |
| 28:12 | Crear | Scorpion |
| 28:27 | Construir | House |
| 28:40 | Crear | Cavalry Archer |
| 29:00 | Crear | Scorpion |
| 29:20 | Crear | Villager (Male) |
| 29:20 | Crear | Villager (Male) |
| 29:21 | Crear | Villager (Male) |
| 29:21 | Crear | Villager (Male) |
| 30:15 | Construir | Mining Camp |
| 30:29 | Crear | Villager (Male) |
| 30:29 | Crear | Villager (Male) |
| 30:30 | Crear | Villager (Male) |
| 30:30 | Crear | Villager (Male) |
| 30:33 | Construir | Town Center |
| 30:45 | Crear | Knight |
| 30:45 | Crear | Knight |
| 32:07 | Crear | Mangonel |
| 32:42 | Crear | Villager (Male) |
| 32:42 | Crear | Villager (Male) |
| 32:43 | Crear | Villager (Male) |
| 32:43 | Crear | Villager (Male) |
| 32:43 | Crear | Villager (Male) |
| 32:54 | Crear | Knight |
| 32:54 | Crear | Knight |
| 33:06 | Crear | Villager (Male) |
| 33:06 | Crear | Villager (Male) |
| 33:39 | Crear | Villager (Male) |
| 33:41 | Crear | Battering Ram |
| 34:37 | Construir | Castle |
| 34:49 | Crear | Knight ×2 |
| 34:49 | Crear | Knight ×2 |
| 34:55 | Crear | Villager (Male) |
| 34:55 | Crear | Villager (Male) |
| 34:56 | Crear | Villager (Male) |
| 36:06 | Crear | Villager (Male) |
| 36:06 | Crear | Villager (Male) |
| 36:09 | Construir | House |
| 36:10 | Construir | House |
| 36:38 | Crear | Steppe Lancer |
| 37:13 | Crear | Villager (Male) |
| 37:14 | Crear | Villager (Male) |
| 37:55 | Construir | University |
| 38:02 | Construir | Farm |
| 38:08 | Construir | Farm |
| 39:07 | Construir | Farm |
| 39:09 | Construir | Farm |
| 39:42 | Construir | Mining Camp |
| 39:46 | Crear | Villager (Male) |
| 39:46 | Crear | Villager (Male) |
| 39:56 | Construir | Monastery |
| 40:03 | Construir | Farm |
| 40:13 | Construir | Farm |
| 40:28 | Crear | Spearman |
| 40:28 | Crear | Spearman |
| 40:29 | Crear | Spearman |
| 40:29 | Crear | Spearman |
| 41:44 | Construir | Farm |
Build order — NightPlane492
Primeras 150 de 383 acciones detectadas
| 1:08 | Construir | Town Center |
| 2:19 | Construir | House |
| 2:23 | Construir | House |
| 3:14 | Crear | Villager (Male) |
| 3:14 | Crear | Villager (Male) |
| 3:15 | Crear | Villager (Male) |
| 3:15 | Crear | Villager (Male) |
| 3:15 | Crear | Villager (Male) |
| 3:16 | Crear | Villager (Male) |
| 3:16 | Crear | Villager (Male) |
| 4:41 | Crear | Villager (Male) |
| 4:42 | Crear | Villager (Male) |
| 5:11 | Investigar | Loom |
| 5:57 | Crear | Villager (Male) |
| 5:57 | Crear | Villager (Male) |
| 5:58 | Crear | Villager (Male) |
| 6:20 | Construir | Lumber Camp |
| 6:24 | Crear | Villager (Male) |
| 6:25 | Crear | Villager (Male) |
| 7:08 | Crear | Villager (Male) |
| 7:24 | Crear | Villager (Male) |
| 7:25 | Crear | Villager (Male) |
| 7:33 | Construir | House |
| 8:23 | Construir | House |
| 8:34 | Crear | Villager (Male) |
| 8:35 | Crear | Villager (Male) |
| 8:43 | Construir | House |
| 8:53 | Crear | Villager (Male) |
| 8:53 | Crear | Villager (Male) |
| 8:53 | Crear | Villager (Male) |
| 8:53 | Crear | Villager (Male) |
| 8:54 | Crear | Villager (Male) |
| 9:16 | Crear | Villager (Male) |
| 9:21 | Crear | Villager (Male) |
| 9:24 | Construir | House |
| 10:31 | Crear | Villager (Male) |
| 10:32 | Crear | Villager (Male) |
| 11:29 | Crear | Villager (Male) |
| 12:48 | Crear | Villager (Male) |
| 13:57 | Construir | Mill |
| 14:48 | Investigar | Feudal Age |
| 15:36 | Construir | Farm |
| 16:12 | Construir | Farm |
| 16:15 | Construir | Farm |
| 16:42 | Construir | Barracks |
| 16:48 | Crear | Villager (Male) |
| 16:48 | Crear | Villager (Male) |
| 17:07 | Construir | Blacksmith |
| 17:35 | Construir | Stable |
| 17:42 | Construir | Farm |
| 17:43 | Construir | Farm |
| 17:43 | Construir | Farm |
| 17:44 | Construir | Farm |
| 17:44 | Construir | Farm |
| 17:45 | Construir | Farm |
| 18:31 | Construir | Stable |
| 18:41 | Investigar | Castle Age |
| 18:49 | Crear | Villager (Male) |
| 18:49 | Crear | Villager (Male) |
| 18:54 | Investigar | Double-Bit Axe |
| 19:24 | Investigar | Horse Collar |
| 20:01 | Investigar | Bloodlines |
| 21:25 | Construir | Town Center |
| 21:30 | Construir | Town Center |
| 21:37 | Crear | Knight |
| 21:37 | Crear | Knight |
| 21:37 | Crear | Knight |
| 21:38 | Crear | Knight |
| 21:38 | Crear | Knight |
| 21:40 | Investigar | Husbandry |
| 21:42 | Crear | Villager (Male) |
| 21:54 | Construir | House |
| 22:20 | Construir | House |
| 22:25 | Crear | Villager (Male) |
| 22:37 | Construir | Monastery |
| 22:46 | Crear | Knight |
| 23:11 | Construir | House |
| 23:14 | Crear | Villager (Male) |
| 23:14 | Crear | Villager (Male) |
| 23:16 | Crear | Villager (Male) |
| 24:07 | Construir | House |
| 24:11 | Crear | Monk |
| 24:20 | Crear | Villager (Male) |
| 24:20 | Crear | Villager (Male) |
| 25:15 | Crear | Villager (Male) |
| 25:48 | Construir | House |
| 25:52 | Crear | Villager (Male) |
| 25:52 | Crear | Villager (Male) |
| 25:53 | Crear | Villager (Male) |
| 25:54 | Crear | Villager (Male) |
| 25:54 | Crear | Villager (Male) |
| 26:02 | Crear | Villager (Male) |
| 26:03 | Crear | Villager (Male) |
| 26:03 | Crear | Villager (Male) |
| 26:04 | Crear | Villager (Male) |
| 27:40 | Construir | Castle |
| 27:59 | Crear | Knight |
| 28:00 | Crear | Knight |
| 28:00 | Crear | Knight |
| 28:00 | Crear | Knight |
| 28:46 | Construir | Siege Workshop |
| 28:50 | Crear | Villager (Male) |
| 28:52 | Crear | Villager (Male) |
| 30:12 | Crear | Leitis |
| 30:12 | Crear | Leitis |
| 30:12 | Crear | Leitis |
| 30:13 | Crear | Leitis |
| 30:13 | Crear | Leitis |
| 30:13 | Crear | Leitis |
| 30:24 | Construir | University |
| 31:01 | Investigar | Murder Holes |
| 31:17 | Construir | Mining Camp |
| 33:18 | Crear | Leitis |
| 33:19 | Crear | Leitis |
| 33:19 | Crear | Leitis |
| 33:19 | Crear | Leitis |
| 33:19 | Crear | Leitis |
| 33:20 | Crear | Leitis |
| 33:20 | Crear | Leitis |
| 33:20 | Crear | Leitis |
| 33:20 | Crear | Leitis |
| 33:21 | Crear | Leitis |
| 34:31 | Investigar | Ballistics |
| 34:35 | Crear | Villager (Male) |
| 34:36 | Crear | Villager (Male) |
| 35:10 | Construir | Castle |
| 36:06 | Construir | University |
| 36:11 | Construir | Market |
| 36:35 | Investigar | Imperial Age |
| 36:39 | Construir | Mining Camp |
| 37:26 | Construir | Mining Camp |
| 38:01 | Investigar | Gold Mining |
| 38:17 | Crear | Villager (Male) |
| 38:17 | Crear | Villager (Male) |
| 38:18 | Crear | Villager (Male) |
| 38:18 | Crear | Villager (Male) |
| 38:19 | Crear | Villager (Male) |
| 38:32 | Construir | Lumber Camp |
| 38:45 | Construir | Lumber Camp |
| 38:53 | Crear | Leitis |
| 38:54 | Crear | Leitis |
| 38:54 | Crear | Leitis |
| 38:54 | Crear | Leitis |
| 38:54 | Crear | Leitis |
| 38:55 | Crear | Leitis |
| 38:55 | Crear | Leitis |
| 39:06 | Construir | Siege Workshop |
| 39:47 | Crear | Trebuchet (Packed) |
| 39:54 | Investigar | Chemistry |
| 40:03 | Crear | Trebuchet (Packed) |
Build order — epic shit
Primeras 150 de 1176 acciones detectadas
| 0:28 | Construir | Town Center |
| 1:12 | Construir | House |
| 2:39 | Crear | Villager (Male) |
| 2:39 | Crear | Villager (Male) |
| 2:39 | Crear | Villager (Male) |
| 2:40 | Crear | Villager (Male) |
| 2:40 | Crear | Villager (Male) |
| 2:49 | Construir | Mule Cart |
| 3:11 | Crear | Villager (Male) |
| 3:11 | Crear | Villager (Male) |
| 3:54 | Crear | Villager (Male) |
| 3:54 | Crear | Villager (Male) |
| 4:05 | Construir | House |
| 4:30 | Crear | Villager (Male) |
| 4:30 | Crear | Villager (Male) |
| 4:45 | Construir | House |
| 5:00 | Crear | Villager (Male) |
| 5:00 | Crear | Villager (Male) |
| 5:26 | Crear | Villager (Male) |
| 5:27 | Crear | Villager (Male) |
| 6:02 | Investigar | Loom |
| 6:03 | Investigar | Loom |
| 6:30 | Crear | Villager (Male) |
| 6:30 | Crear | Villager (Male) |
| 6:45 | Construir | Mill |
| 6:48 | Crear | Villager (Male) |
| 6:48 | Crear | Villager (Male) |
| 6:48 | Crear | Villager (Male) |
| 7:10 | Crear | Villager (Male) |
| 7:11 | Crear | Villager (Male) |
| 7:37 | Crear | Villager (Male) |
| 7:38 | Crear | Villager (Male) |
| 7:38 | Crear | Villager (Male) |
| 7:41 | Crear | Villager (Male) |
| 7:42 | Crear | Villager (Male) |
| 8:15 | Crear | Villager (Male) |
| 8:15 | Crear | Villager (Male) |
| 8:37 | Crear | Villager (Male) |
| 8:38 | Crear | Villager (Male) |
| 8:38 | Crear | Villager (Male) |
| 9:19 | Crear | Villager (Male) |
| 9:26 | Construir | House |
| 9:54 | Construir | Barracks |
| 10:39 | Crear | Villager (Male) |
| 10:48 | Construir | House |
| 10:54 | Construir | House |
| 11:01 | Crear | Villager (Male) |
| 11:30 | Investigar | Feudal Age |
| 11:30 | Investigar | Feudal Age |
| 12:02 | Crear | Militia |
| 12:02 | Crear | Militia |
| 12:28 | Crear | Militia |
| 12:29 | Crear | Militia |
| 13:00 | Crear | Villager (Male) |
| 13:09 | Construir | Mule Cart |
| 13:13 | Crear | Militia |
| 13:14 | Crear | Militia |
| 13:14 | Crear | Militia |
| 13:40 | Edad | Edad Feudal |
| 13:45 | Construir | Blacksmith |
| 13:59 | Investigar | Man-at-Arms (upgrade) |
| 14:04 | Crear | Villager (Male) |
| 14:10 | Crear | Villager (Male) |
| 14:15 | Construir | Mill |
| 14:52 | Investigar | Arson |
| 14:52 | Investigar | Arson |
| 15:02 | Crear | Villager (Male) |
| 15:04 | Crear | Villager (Male) |
| 15:04 | Crear | Villager (Male) |
| 15:11 | Construir | Watch Tower |
| 15:21 | Crear | Militia |
| 15:21 | Crear | Militia |
| 15:53 | Construir | Mule Cart |
| 16:06 | Investigar | Town Watch |
| 16:08 | Crear | Militia |
| 16:38 | Crear | Villager (Male) |
| 16:42 | Construir | House |
| 16:54 | Crear | Villager (Male) |
| 17:08 | Investigar | Scale Mail Armor |
| 17:25 | Crear | Villager (Male) |
| 17:27 | Crear | Militia |
| 17:41 | Crear | Villager (Male) |
| 17:48 | Construir | Farm |
| 17:48 | Construir | Farm |
| 17:48 | Construir | Farm |
| 18:01 | Crear | Villager (Male) |
| 18:13 | Crear | Militia |
| 18:19 | Construir | House |
| 18:20 | Construir | House |
| 18:55 | Construir | Watch Tower |
| 19:02 | Crear | Villager (Male) |
| 19:07 | Crear | Villager (Male) |
| 19:58 | Construir | Stable |
| 20:06 | Investigar | Long Swordsman (upgrade) |
| 20:08 | Crear | Villager (Male) |
| 20:10 | Crear | Villager (Male) |
| 20:17 | Crear | Villager (Male) |
| 20:20 | Construir | Farm |
| 20:28 | Construir | Mule Cart |
| 20:44 | Crear | Scout Cavalry |
| 20:45 | Crear | Scout Cavalry |
| 20:56 | Crear | Militia |
| 20:56 | Crear | Militia |
| 21:34 | Crear | Militia |
| 21:34 | Crear | Militia |
| 22:00 | Crear | Scout Cavalry |
| 22:09 | Crear | Villager (Male) |
| 22:10 | Crear | Villager (Male) |
| 22:10 | Crear | Villager (Male) |
| 22:17 | Construir | House |
| 22:22 | Crear | Militia |
| 23:02 | Crear | Villager (Male) |
| 23:04 | Crear | Villager (Male) |
| 23:05 | Crear | Villager (Male) |
| 23:21 | Crear | Villager (Male) |
| 23:21 | Crear | Villager (Male) |
| 23:48 | Crear | Villager (Male) |
| 24:00 | Investigar | Forging |
| 24:00 | Investigar | Forging |
| 24:50 | Crear | Villager (Male) |
| 25:00 | Construir | Watch Tower |
| 25:06 | Crear | Villager (Male) |
| 25:08 | Crear | Militia |
| 25:09 | Crear | Militia |
| 25:09 | Crear | Militia |
| 25:44 | Crear | Villager (Male) |
| 25:47 | Construir | House |
| 25:49 | Construir | House |
| 25:50 | Construir | House |
| 26:40 | Construir | Stable |
| 26:57 | Crear | Villager (Male) |
| 27:01 | Investigar | Wheelbarrow |
| 27:08 | Construir | Market |
| 27:15 | Construir | Farm |
| 27:15 | Construir | Farm |
| 27:15 | Construir | Farm |
| 27:16 | Crear | Villager (Male) |
| 27:17 | Crear | Villager (Male) |
| 27:28 | Construir | Watch Tower |
| 27:40 | Crear | Villager (Male) |
| 27:47 | Investigar | Fletching |
| 28:09 | Construir | Mule Cart |
| 28:20 | Crear | Villager (Male) |
| 28:28 | Construir | Farm |
| 28:29 | Construir | Farm |
| 28:29 | Construir | Farm |
| 28:29 | Construir | Farm |
| 28:29 | Construir | Farm |
| 28:30 | Construir | Farm |
| 28:30 | Construir | Farm |
Cronología de la partida
| 9:54 | epic shit · first_building Barracks |
| 13:40 | epic shit · age_up feudal |
| 13:48 | Salurkazan · first_building Barracks |
| 14:59 | DreGweKer · first_building Barracks |
| 15:31 | Salurkazan · age_up feudal |
| 15:41 | Salurkazan · first_building Archery Range |
| 16:42 | NightPlane492 · first_building Barracks |
| 17:19 | DreGweKer · age_up feudal |
| 17:22 | DreGweKer · first_building Archery Range |
| 17:35 | NightPlane492 · first_building Stable |
| 19:58 | epic shit · first_building Stable |
| 20:28 | Salurkazan · first_building Stable |
| 22:34 | DreGweKer · age_up castle |
| 22:37 | NightPlane492 · first_building Monastery |
| 26:16 | Salurkazan · age_up castle |
| 27:40 | NightPlane492 · first_building Castle |
| 27:42 | Salurkazan · first_building Siege Workshop |
| 28:19 | DreGweKer · first_building Castle |
| 28:46 | NightPlane492 · first_building Siege Workshop |
| 28:54 | DreGweKer · first_building Siege Workshop |
| 29:02 | epic shit · first_building Archery Range |
| 29:29 | epic shit · first_market_buy 500 food |
| 32:14 | epic shit · age_up castle |
| 32:19 | epic shit · first_building Siege Workshop |
| 33:36 | epic shit · first_building Monastery |
| 34:37 | Salurkazan · first_building Castle |
| 39:56 | Salurkazan · first_building Monastery |
| 42:07 | epic shit · first_building Castle |
| 44:07 | Salurkazan · resign |
| 46:36 | NightPlane492 · first_building Archery Range |
| 47:12 | NightPlane492 · first_market_buy 100 stone |
| 47:39 | DreGweKer · age_up imperial |
| 48:01 | epic shit · first_market_sell 100 wood |
| 48:34 | DreGweKer · first_building Stable |
| 51:24 | epic shit · age_up imperial |
[ ANÁLISIS IA · 1 CRÉDITO ]
¿Qué pasó realmente en esta partida?
Wolo.gg analiza cada decisión: build order, eco, micro, errores típicos por bracket. Análisis personalizado por WhatsApp o Discord en 30 segundos.
Guía civ
Mongoles
Guía mapa
African Clearing
Perfil
Jugador #4497819